 Dungeon Crawl Stone Soup version 0.25-a0-516-g7d600cd (webtiles) character file.

Game seed: 4556076399537282683, levelgen mode: deterministic

9727 Faels the Cleaver (level 11, 0/81 HPs)
             Began as a Demonspawn Fighter on Feb 15, 2020.
             Was an Elder of Okawaru.
             Succumbed to a spiny frog's poison
             ... on level 9 of the Dungeon on Feb 16, 2020.
             The game lasted 00:36:24 (14526 turns).

Faels the Cleaver (Demonspawn Fighter)             Turns: 14526, Time: 00:36:25

Health: 0/81       AC: 14    Str: 20    XL:     11   Next: 26%
Magic:  11/11      EV:  7    Int:  9    God:    Okawaru [****..]
Gold:   345        SH:  9    Dex: 13    Spells: 10/10 levels left

rFire    . . .     SeeInvis .   a - +3 war axe
rCold    + . .     Gourm    .   c - +0 kite shield
rNeg     . . .     Faith    +   G - +1 plate armour {rC+}
rPois    .         Spirit   .   (helmet restricted)
rElec    .         Reflect  .   o - +0 cloak
rCorr    .         Harm     .   h - +0 pair of gloves
MR       +....                  (no boots)
Stlth    ..........             S - amulet of faith
HPRegen  0.23/turn              e - ring of flight
MPRegen  0.12/turn              B - ring of protection from magic

@: lethally poisoned (0 -> -23)
A: antennae 1, repulsion field 2, powered by death 1
a: Heroism, Renounce Religion, Evoke Flight


You were on level 9 of the Dungeon.
You worshipped Okawaru.
Okawaru was greatly pleased with you.
You were not hungry.

You visited 3 branches of the dungeon, and saw 12 of its levels.
You also visited: Sewer.

You collected 597 gold pieces.
You spent 252 gold pieces at shops.

Inventory:

Hand Weapons
 a - a +3 war axe (weapon)
 d - a +1 spear of venom
 n - a +2 dagger of draining
 s - a +2 morningstar of protection
 t - a +2 dagger of venom
 A - a +2 spear of freezing
 Q - a +2 mace of draining
Missiles
 z - 8 javelins
 C - 50 poisoned darts (quivered)
 F - 2 throwing nets
 L - 8 boomerangs
 M - 5 boomerangs of dispersal
Armour
 c - a +0 kite shield (worn)
 h - a +0 pair of gloves (worn)
 o - a +0 cloak (worn)
 y - a +0 chain mail of fire resistance
 G - a +1 plate armour of cold resistance (worn)
 R - +0 steam dragon scales
Jewellery
 e - a ring of flight (left hand)
 x - an uncursed amulet of regeneration
 B - a ring of protection from magic (right hand)
 S - an amulet of faith (around neck)
Wands
 b - a wand of enslavement (9)
 J - a wand of acid (8)
 N - a wand of iceblast (6)
Scrolls
 g - 4 scrolls of fog
 j - 4 scrolls of remove curse
 m - 2 scrolls of teleportation
 q - 2 scrolls of vulnerability
 D - a scroll of noise
 I - 2 scrolls of magic mapping {unknown}
 T - 3 scrolls of fear
Potions
 i - 2 potions of degeneration
 k - 2 potions of magic {unknown}
 l - a potion of mutation {unknown}
 p - a potion of agility {unknown}
 r - 2 potions of heal wounds
 u - 3 potions of cancellation
 v - 2 potions of lignification
 E - 2 potions of flight
 H - a potion of invisibility {unknown}
 K - 2 potions of haste {unknown}
 P - a potion of resistance {unknown}
Comestibles
 f - 17 rations
 w - 11 chunks of flesh


   Skills:
 - Level 6.0 Fighting
 * Level 14.4 Axes
 - Level 2.0 Throwing
 - Level 2.6 Armour
 - Level 3.0 Dodging
 - Level 2.6 Shields


You had 10 spell levels left.
You didn't know any spells.
Your spell library contained the following spells:

 Spells                   Type           Power        Failure   Level  Hunger
 Animate Skeleton         Necr           N/A          100%        1    ##.....
 Apportation              Tloc           #.....       100%        1    ##.....
 Corona                   Hex            #......      100%        1    ##.....
 Summon Small Mammal      Summ           #...         100%        1    ##.....


Dungeon Overview and Level Annotations

Branches:
Dungeon (10/15)            Temple (1/1) D:7            Lair (1/6) D:9
  Sewer (visited)
    Orc: D:9-12

Altars:
Ashenzari
Cheibriados
Dithmenos
Elyvilon
Fedhas
Gozag
Hepliaklqana
Kikubaaqudgha
Makhleb
Nemelex Xobeh
Okawaru
Qazlal
Ru
Sif Muna
Trog
Uskayaw
Vehumet
Wu Jian
Xom
Yredelemnul
Zin
The Shining One

Shops:
D:7 ?   D:8 (


Innate Abilities, Weirdness & Mutations

You have a pair of small antennae on your head.
You are surrounded by a moderate repulsion field. (EV +3)
You regenerate a little health from kills.


Message History

The spiny frog is lightly wounded.
You hit the plant. You closely miss the yak.
You feel sick. The yak gores you but does no damage.
The spiny frog completely misses you.
Your plate armour prevents you from hitting the spiny frog.
The spiny frog is lightly wounded.
You hit the yak but do no damage. You hit the plant.
You feel sick. You block the yak's attack. The spiny frog stings you!
You are more poisoned.
The spiny frog poisons you!
You barely miss the yak.
The yak is lightly wounded.
You completely miss the plant. You hit the spiny frog.
You feel sick. You block the spiny frog's attack. The yak gores you.
You feel sick. The spiny frog stings you!
* * * LOW HITPOINT WARNING * * *
The yak gores you!
* * * LOW HITPOINT WARNING * * *
Some of the chunks of flesh in your inventory have rotted away.
You climb upwards.
Welcome back to the Dungeon!
You die...

##.##### #....[†..# #.#
#....[).<# #.# ###'######
#.# #.....### #(#
###[....### ##'#####
##.........## .......#
##...........##
.<.....###.....F÷......##
.......'.......Y@...(...#
.......#.......÷........#
.......#.##.(PP.......#.#
.......#..##.........##.#
.......#######.....####.#
###'#### #.............#
##..# #######'#######
#..## #..## ..## ##..#


You could see a yak and a spiny frog.

Vanquished Creatures
  Joseph (D:8)
  Maggie (D:7)
  A troll (D:10)
  4 hornets
  Prince Ribbit (D:8)
  Grinder (D:5)
  3 hippogriffs
  Sigmund (D:2)
  9 yaks
  Grum (D:8)
  3 wargs (D:8)
  A water moccasin (D:6)
  3 orc warriors
  4 black bears
  An eye of draining (D:10)
  2 necrophages
  6 ogres
  4 phantoms
  2 wolves (D:8)
  5 centaurs
  2 big kobolds
  Blork the orc (D:6)
  7 bullfrogs
  2 scorpions (D:9)
  6 wights
  2 bullfrog zombies
  5 howler monkeys
  4 crimson imps
  A quasit (D:7)
  A centaur zombie (D:7)
  4 hounds
  2 orc priests
  Crazy Yiuf (D:7)
  3 bullfrog skeletons
  5 iguanas
  9 orc wizards
  14 worker ants
  7 gnolls
  11 adders
  7 shadow imps
  An ooze (D:3)
  An adder skeleton (D:7)
  An adder zombie (D:8)
  A worm (D:8)
  A dart slug (D:1)
  8 leopard geckos
  27 orcs
  6 giant cockroaches
  6 goblins
  9 hobgoblins
  11 jackals
  5 quokkas
  11 bats
  2 frilled lizards
  26 kobolds
  A leopard gecko zombie (D:7)
  16 rats
281 creatures vanquished.

Notes
Turn   | Place    | Note
-------+----------+-------------------------------------------
     0 | D:1      | Faels the Demonspawn Fighter began the quest for the Orb.
     0 | D:1      | Reached XP level 1. HP: 18/18 MP: 1/1
    52 | D:1      | Reached skill level 2 in Axes
    57 | D:1      | Gained mutation: You are surrounded by a mild repulsion
                  | field. (EV +2) [demonic ancestry]
    57 | D:1      | Reached XP level 2. HP: 21/24 MP: 2/2
   655 | D:2      | Reached skill level 1 in Dodging
   669 | D:2      | Reached XP level 3. HP: 25/29 MP: 3/3
  1119 | D:2      | Reached skill level 3 in Axes
  1458 | D:2      | Gained mutation: You are surrounded by a moderate repulsion
                  | field. (EV +3) [demonic ancestry]
  1458 | D:2      | Reached XP level 4. HP: 25/35 MP: 4/4
  2263 | D:2      | Noticed Sigmund
  2313 | D:2      | Killed Sigmund
  2313 | D:2      | Reached skill level 4 in Axes
  2313 | D:2      | Gained mutation: You regenerate a little health from kills.
                  | [demonic ancestry]
  2313 | D:2      | Reached XP level 5. HP: 15/42 MP: 5/5
  2313 | D:2      | Reached XP level 6. HP: 17/48 MP: 6/6
  3352 | D:4      | Reached skill level 5 in Axes
  3433 | D:4      | Reached XP level 7. HP: 40/55 MP: 7/7
  3464 | D:4      | Found a glowing drain.
  3507 | Sewer    | Entered a sewer
  3848 | Sewer    | Found a glowing silver altar of Zin.
  4044 | D:4      | Reached skill level 1 in Throwing
  4095 | D:4      | Reached skill level 5 in Fighting
  4643 | D:4      | Reached skill level 6 in Axes
  4761 | D:4      | Reached XP level 8. HP: 60/63 MP: 8/8
  4997 | D:5      | Entered Level 5 of the Dungeon
  5226 | D:5      | Reached skill level 7 in Axes
  5707 | D:5      | Noticed Grinder
  5718 | D:5      | Paralysed by Grinder for 4 turns
  5730 | D:5      | Killed Grinder
  5730 | D:5      | Reached skill level 8 in Axes
  6120 | D:6      | Noticed Blork the orc
  6128 | D:6      | Killed Blork the orc
  6151 | D:6      | Gained mutation: You have a pair of small antennae on your
                  | head. [demonic ancestry]
  6151 | D:6      | Reached XP level 9. HP: 38/69 MP: 9/9
  6476 | D:6      | Reached skill level 9 in Axes
  8256 | D:7      | Reached skill level 10 in Axes
  8565 | D:7      | Found a runed translucent door.
  8569 | D:7      | Noticed Crazy Yiuf
  8576 | D:7      | Killed Crazy Yiuf
  8754 | D:7      | Found a white marble altar of Elyvilon.
  8754 | D:7      | Found an ornate altar of the Wu Jian Council.
  8764 | D:7      | Found a faded altar of an unknown god.
  8766 | D:7      | Found a radiant altar of Vehumet.
  8767 | D:7      | Found a snail-covered altar of Cheibriados.
  8997 | D:7      | Noticed Maggie
  9027 | D:7      | Killed Maggie
  9379 | D:7      | Found a staircase to the Ecumenical Temple.
  9388 | Temple   | Entered the Ecumenical Temple
  9395 | Temple   | Became a worshipper of Warmaster Okawaru
  9454 | D:7      | Found Uliemugg's Magic Scroll Emporium.
  9459 | D:7      | Bought a scroll of enchant weapon for 105 gold pieces
  9459 | D:7      | Bought a scroll of fog for 28 gold pieces
  9459 | D:7      | Bought a scroll of fear for 49 gold pieces
  9459 | D:7      | Bought a scroll of fog for 28 gold pieces
  9459 | D:7      | Bought a scroll of remove curse for 42 gold pieces
  9533 | D:8      | Reached skill level 11 in Axes
  9772 | D:8      | Found Wihiovuh's Weapon Boutique.
  9778 | D:8      | Noticed Joseph
  9795 | D:8      | Killed Joseph
  9795 | D:8      | Reached * piety under Okawaru
  9848 | D:8      | Reached XP level 10. HP: 76/76 MP: 10/10
  9918 | D:8      | Noticed Prince Ribbit
  9945 | D:8      | Killed Prince Ribbit
 10176 | D:8      | Paralysed by a hornet for 2 turns
 10193 | D:8      | Reached skill level 12 in Axes
 10390 | D:8      | Paralysed by a hornet for 2 turns
 10393 | D:8      | Paralysed by a hornet for 3 turns
 10783 | D:8      | Noticed Grum
 10807 | D:8      | Killed Grum
 10811 | D:8      | Reached ** piety under Okawaru
 11408 | D:9      | Found a staircase to the Lair.
 12027 | D:9      | Reached skill level 13 in Axes
 12531 | D:10     | Entered Level 10 of the Dungeon
 12585 | D:10     | Reached *** piety under Okawaru
 12591 | D:10     | Received a gift from Okawaru
 12672 | D:10     | Reached XP level 11. HP: 66/81 MP: 11/11
 13300 | D:10     | Reached skill level 14 in Axes
 14231 | Lair:1   | Entered Level 1 of the Lair of Beasts
 14232 | Lair:1   | Upgraded the game from 0.25-a0-513-ge77a692 to
                  | 0.25-a0-516-g7d600cd
 14443 | D:9      | Reached **** piety under Okawaru
 14525 | Lair:1   | HP: 3/81 [yak (9)]
 14526 | D:9      | Succumbed to a spiny frog's poison

Levels and vault maps discovered:
D:1:      lightli_arrival_quake, layout_basic, grunt_decor_one_mirror
D:2:      layout_basic, first_ration, uniq_sigmund
D:3:      layout_basic
D:4:      layout_cave_pools, portal_sewer_entry_f
D:5:      layout_rooms, uniq_grinder
D:6:      layout_layer_cave, uniq_blork_the_orc
D:7:      layout_basic, chequers_temple_overflow_minitemple,
          minmay_temple_entry_mist, serial_shops, shop, uniq_crazy_yiuf_cottage,
          uniq_maggie
D:8:      layout_basic, serial_shops, nicolae_shop_trees,
          hangedman_pestilent_swarm, uniq_joseph, uniq_prince_ribbit1, uniq_grum
D:9:      layout_roguey, erik_lair_orcish_takeover, minmay_misc_feat_rows
D:10:     layout_basic
Temple:   nicolae_temple_no_exploring_needed
Lair:1:   layout_misc_corridors, ebering_ghost_rock_garden, beast_lair_carwin_6

Skill      XL: |  1  2  3  4  5  6  7  8  9 10 11 |
---------------+----------------------------------+-----
Axes           | 2 3 4 5 6 8 11 13 14 | 14.4
Dodging        | 1 2 3 |  3.0
Fighting       | 4 5 6 |  6.0
Throwing       | 2 |  2.0
Armour         | |  2.6
Shields        | |  2.6

Action                   |  1- 3 |  4- 6 |  7- 9 | 10-12 || total
-------------------------+-------+-------+-------+-------++-------
Melee: War axe           |   126 |   205 |   546 |   433 ||  1310
Throw: Dart              |       |       |     6 |    14 ||    20
       Javelin           |       |       |     4 |       ||     4
Invok: Heroism           |       |       |       |     5 ||     5
 Abil: Evoke Flight      |       |       |     1 |       ||     1
  Use: Potion            |       |     2 |     2 |     3 ||     7
       Scroll            |       |       |    20 |     2 ||    22
  Eat: Chunk             |     1 |     7 |    15 |     9 ||    32
       Ration            |       |       |     2 |     2 ||     4
Armor: Scale mail        |    55 |    51 |       |       ||   106
       Chain mail        |       |    34 |   129 |       ||   163
       Plate armour      |       |       |   114 |   185 ||   299
       Skin              |       |       |       |     3 ||     3
Dodge: Dodged            |    52 |   103 |   189 |   126 ||   470
Block: Kite shield       |    68 |   114 |   288 |   157 ||   627

Table legend:
 A = Non-vault XP
 B = Vault XP
 C = Vault XP percentage of total XP
 D = Non-vault monster count
 E = Vault monster count
 F = Vault count percentage of total count
                 A         B        C        D         E       F
            +---------+---------+-------+---------+---------+-------
      Total |   10092 |    3805 |  27.4 |     242 |      39 |  13.9
            +---------+---------+-------+---------+---------+-------
        D:1 |      32 |       0 |   0.0 |      19 |       0 |   0.0
        D:2 |     287 |     231 |  44.6 |      36 |       1 |   2.7
        D:3 |      47 |       0 |   0.0 |      21 |       0 |   0.0
        D:4 |     802 |      13 |   1.6 |      26 |       5 |  16.1
        D:5 |     887 |     272 |  23.5 |      17 |       1 |   5.6
        D:6 |     763 |      94 |  11.0 |      13 |       1 |   7.1
        D:7 |     602 |     429 |  41.6 |      29 |       2 |   6.5
        D:8 |     761 |    2525 |  76.8 |      13 |      12 |  48.0
        D:9 |    2608 |     129 |   4.7 |      32 |       5 |  13.5
       D:10 |    3097 |       0 |   0.0 |      35 |       0 |   0.0
     Lair:1 |     206 |       0 |   0.0 |       1 |       0 |   0.0
      Sewer |       0 |     112 | 100.0 |       0 |      12 | 100.0
            +---------+---------+-------+---------+---------+-------
